 Dungeon Crawl Stone Soup version 0.27.0-1-g7a089689b8 (webtiles) character file.

Game seed: 16909887949320894447

420 Sobieck the Grasshopper (level 6, -2/46 HPs)
             Began as a Barachi Warper on Aug 5, 2021.
             Slain by an orc (4 damage)
             ... on level 5 of the Dungeon.
             The game lasted 00:09:29 (4623 turns).

Sobieck the Grasshopper (Barachi Warper)            Turns: 4623, Time: 00:09:29

Health: -2/46      AC:  5    Str: 14    XL:     6   Next: 94%
Magic:  9/9        EV: 11    Int: 13    God:
Gold:   69         SH:  0    Dex: 12    Spells: 7/9 levels left

rFire    . . .     SeeInvis .   A - -1 triple sword {longrare=g}
rCold    . . .     Faith    .   (shield currently unavailable)
rNeg     . . .     Spirit   .   o - +0 leather armour
rPois    .         Reflect  .   u - +0 helmet
rElec    .         Harm     .   (no cloak)
rCorr    .         Rampage  .   (no gloves)
Will     .....                  s - +0 pair of boots
Stlth    +.........             (no amulet)
HPRegen  0.15/turn              (no ring)
MPRegen  0.11/turn              (no ring)

@: unable to hop, slow
A: amphibious, slowness 1, strong legs 1, +LOS
a: Hop


You were on level 5 of the Dungeon.
You visited 1 branch of the dungeon, and saw 5 of its levels.

You collected 178 gold pieces.
You spent 109 gold pieces at shops.


Innate Abilities, Weirdness & Mutations

You are amphibious.
You cover ground slowly.
You can hop short distances.
You have an extended range of vision and can be seen from far away.


   Skills:
 - Level 2.4 Fighting
 + Level 5.0 Long Blades
 - Level 1.0 Throwing
 - Level 1.2 Armour
 - Level 2.1 Dodging
 - Level 2.1 Spellcasting
 + Level 7.2 Translocations


You had 7 spell levels left.
You knew the following spells:

 Your Spells              Type           Power      Damage    Failure   Level
a - Blink                 Tloc           N/A        N/A       2%          2

Your spell library contained the following spells:

 Spells                   Type           Power      Damage    Failure   Level
 Gell's Gravitas          Tloc           10%        N/A       4%          3
 Lesser Beckoning         Tloc           10%        N/A       4%          3
 Teleport Other           Tloc           20%        N/A       4%          3
 Portal Projectile        Hex/Tloc       20%        N/A       21%         3
 Manifold Assault         Tloc           20%        N/A       41%         5
 Blade Hands              Tmut           0%         N/A       100%        5
 Excruciating Wounds      Necr           0%         N/A       100%        5

Inventory:

Hand Weapons
 a - a +1 falchion {long}
 b - a +0 hunting sling {sling}
   (You bought it in a shop on level 1 of the Dungeon)
 l - a +3 dagger {short}
   (You took it off a kobold on level 1 of the Dungeon)
 A - a -1 triple sword (weapon) {longrare=g}
   (You bought it in a shop on level 5 of the Dungeon)
Missiles
 d - 5 boomerangs of dispersal (quivered) {=f!fthrowing}
 f - 129 stones {throwing}
 g - 21 poisoned darts {throwing}
 h - 7 javelins {throwing}
 m - 13 arrows
 n - 18 bolts
 y - 4 boomerangs {throwing}
Armour
 o - a +0 leather armour (worn)
 s - a +0 pair of boots (worn)
   (You found it on level 4 of the Dungeon)
 t - a +0 pair of gloves
   (You found it on level 4 of the Dungeon)
 u - a +0 helmet (worn)
   (You found it on level 3 of the Dungeon)
Wands
 w - a wand of charming (6)
   (You found it on level 3 of the Dungeon)
 z - a wand of paralysis (9)
   (You found it on level 5 of the Dungeon)
Scrolls
 c - a scroll of blinking {!r}
 e - a scroll of fear
 i - a scroll of fog
Potions
 j - 3 potions of magic
 k - a potion of cancellation {unknown}
 p - 2 potions of curing {@q1}
 q - 3 potions of brilliance
 r - a potion of heal wounds {unknown}
 v - a potion of lignification {!q}
 x - a potion of flight {unknown}

Dungeon Overview and Level Annotations

Branches:
Dungeon (5/15)
 Temple: D:4-7

Altars:

Shops:
D:1 **(   D:3 :(: D:5

((* ....................+
###.................#
....................#
...o...o#o..........#
##......#...........#
#..o...#...........#
#..o...#..oo.......#
#.o....#####o##.####
#....#######@##.######
..∩...#.....#.##.##...#
##.#..#.>.∩.#..#.##.#.########
.#.....#....##.#..#.#.#.#
.#######.##.##.##........ #..#
#.##.##.####......
#..###.##.##.# #.......
##.....##.##.####....>.
#.#.........##........


You could see 3 orcs.


Message History

A jelly comes into view.
The jelly quivers.
Danger!
You shoot a stone {throwing}. The stone {throwing} hits the jelly.
You shoot a stone {throwing}. The stone {throwing} hits the jelly.
You shoot a stone {throwing}. The stone {throwing} hits the jelly!
You shoot a stone {throwing}. The stone {throwing} hits the jelly.
You shoot a stone {throwing}. The stone {throwing} hits the jelly.
You shoot a stone {throwing}. The stone {throwing} hits the jelly.
You kill the jelly!
Your Translocations skill increases to level 7!
a - a +1 falchion (weapon)
{long} Unknown command.
z - a wand of paralysis (9)
f - 125 stones {throwing} (gained 1)
f - 126 stones {throwing} (gained 1)
f - 127 stones {throwing} (gained 1)
f - 128 stones {throwing} (gained 1)
f - 129 stones {throwing} (gained 1)
Found Ulysoz's Lightly-Used Armoury.
b - a +0 hunting sling (weapon)
{sling}
There is an entrance to Ulysoz's Lightly-Used Armoury here.
A - a -1 triple sword {longrare=g} Thank you for shopping at Ulysoz's Lightly-Used Armoury!
A - a -1 triple sword (weapon)
{longrare=g} You now have 69 gold pieces (gained 15).
A hound comes into view.
The hound barks!
You hear a shout!
Danger!
a - a +1 falchion (weapon)
{long} An orc comes into view. It is wielding a +0 dagger.
b - a +0 hunting sling (weapon)
{sling} The hound bites you but does no damage.
A - a -1 triple sword (weapon)
{longrare=g} The hound closely misses you.
You barely miss the hound. The hound bites you. x2
You closely miss the hound. The hound bites you. x3
Unknown command.
You completely miss the hound. The hound misses you. The hound bites you.
Unknown command.
You barely miss the hound.
The hound bites you but does no damage. x2
The orc closely misses you. The hound bites you but does no damage.
Unknown command.
You barely miss the orc. The hound completely misses you.
You riposte.
You barely miss the hound. The orc closely misses you.
The hound bites you but does no damage. The orc hits you with a +0 dagger.
You slash the orc!
You kill the orc!
The hound bites you.
The hound barely misses you. x2; You riposte.
You miss the hound. You hit the hound. The hound bites you but does no damage.
The hound closely misses you.
You riposte.
You slash the hound!
You kill the hound!
You start resting.
Unknown command.
You see here a hound corpse.
You see here a +0 dagger {short}.
As you open the door, it creaks loudly!
There is an open door here.
Found Leuteg's Weapon Shoppe.
Found a stone staircase leading down.
Unknown command.
An orc comes into view. It is wielding a +0 trident.
Danger!
An iguana, 3 orcs and an orc priest come into view.
The orc shouts!
The orc priest shouts!
The orc shouts!
The iguana hisses angrily.
Found Tozibaa's Antique Weapon Shop.
Unknown command.
The iguana bites you.
Hop to where?
Press: ? - help, Dir - move target Boing!
You slash the iguana! The iguana bites you.
You closely miss the iguana. The orc hits you but does no damage.
The iguana barely misses you.
The orc priest looks satisfied for a moment.
The orc priest invokes the aid of Beogh against you.
Beogh smites you! The iguana barely misses you.
You riposte.
You closely miss the iguana.
The orc hits you from afar with a +0 trident.
* * * LOW HITPOINT WARNING * * *
Unknown command.
You closely miss the iguana.
The orc hits you from afar with a +0 trident.
* * * LOW HITPOINT WARNING * * *
The iguana barely misses you.
The orc priest invokes the aid of Beogh against you.
Beogh smites you!
* * * LOW HITPOINT WARNING * * *
The iguana closely misses you.
You barely miss the iguana. The iguana closely misses you.
You riposte.
You hit the iguana. The orc hits you but does no damage.
Unknown command.
You barely miss the iguana. The iguana barely misses you.
You riposte.
You slash the iguana!
You kill the iguana!
The orc hits you from afar with a +0 trident.
* * * LOW HITPOINT WARNING * * *
The orc closely misses you. The orc hits you with a +0 flail.
You die...

Skill      XL: |  1  2  3  4  5  6 |
---------------+-------------------+-----
Long Blades    | 3 4 5 |  5.0
Translocations | 5 7 |  7.2
Fighting       | |  2.4
Throwing       | |  1.0
Armour         | |  1.2
Dodging        | |  2.1
Spellcasting   | |  2.1

Action                   |  1- 3 |  4- 6 || total
-------------------------+-------+-------++-------
Melee: Falchion          |    86 |   140 ||   226
       Triple sword      |       |    12 ||    12
 Fire: Hunting sling     |    12 |   106 ||   118
 Abil: Hop               |     1 |     5 ||     6
  Use: Scroll            |       |    12 ||    12
Armor: Leather armour    |    30 |    44 ||    74
Dodge: Dodged            |    52 |   108 ||   160
       Rpst.: Falchion   |    18 |    30 ||    48
       Triple sword      |       |     6 ||     6

Levels and vault maps discovered:
D:1:      eino_arrival_tree_alley, layout_basic,
          shapermc_ecumenical_altar_mp_urbaneastern, serial_shops, shop, shop,
          shop_fountains, minmay_close_crescents
D:2:      layout_loops_cross
D:3:      layout_rooms, serial_shops, shop, nicolae_lakefront_shop, shop_statue
D:4:      layout_basic
D:5:      layout_basic, serial_shops, shop, nicolae_take_the_stairs, shop,
          nicolae_shop_waterfront, nicolae_shop_behind_doors, st_stairs_4,
          minmay_shop_damaged

Notes
Turn   | Place    | Note
-------+----------+-------------------------------------------
     0 | D:1      | Sobieck the Barachi Warper began the quest for the Orb.
     0 | D:1      | Reached XP level 1. HP: 17/17 MP: 3/3
   118 | D:1      | Found Tiosuy's Antique Weapon Emporium.
   185 | D:1      | Found Amania's Assorted Antiques.
   309 | D:1      | Found Zikhlask's Assorted Antiques.
   312 | D:1      | Reached skill level 3 in Long Blades
   316 | D:1      | Reached XP level 2. HP: 22/23 MP: 5/5
   698 | D:1      | Found a faded altar of an unknown god.
   711 | D:1      | Reached skill level 4 in Long Blades
   861 | D:1      | Reached XP level 3. HP: 21/28 MP: 6/6
  1457 | D:1      | Bought a hunting sling for 34 gold pieces
  1692 | D:2      | Reached XP level 4. HP: 34/34 MP: 7/7
  2020 | D:2      | Reached skill level 4 in Translocations
  2444 | D:3      | Found Duat's Antique Weapon Emporium.
  2474 | D:3      | Reached skill level 5 in Long Blades
  2528 | D:3      | You pick up a book of Weapons and begin reading...
  2528 | D:3      | You add the spells Portal Projectile, Excruciating Wounds
                  | and Blade Hands to your library.
  2665 | D:3      | Found Vyvvoar's Book Boutique.
  2775 | D:3      | Found Egoshr Huawk's Book Boutique.
  3116 | D:4      | Noticed a necrophage
  3136 | D:4      | Killed a necrophage
  3137 | D:4      | Reached skill level 5 in Translocations
  3137 | D:4      | Reached XP level 5. HP: 26/39 MP: 8/8
  3802 | D:4      | Reached XP level 6. HP: 46/46 MP: 9/9
  3890 | D:5      | Entered Level 5 of the Dungeon
  3912 | D:4      | Reached skill level 6 in Translocations
  4054 | D:4      | Learned a level 2 spell: Blink
  4339 | D:5      | Reached skill level 7 in Translocations
  4388 | D:5      | Found Ulysoz's Lightly-Used Armoury.
  4398 | D:5      | Bought a -1 triple sword for 75 gold pieces
  4398 | D:5      | A - a -1 triple sword {longrare=g}
  4398 | D:5      | A - a -1 triple sword (weapon) {longrare=g}
  4422 | D:5      | A - a -1 triple sword (weapon) {longrare=g}
  4600 | D:5      | Found Leuteg's Weapon Shoppe.
  4612 | D:5      | Found Tozibaa's Antique Weapon Shop.
  4621 | D:5      | HP: 8/46 [orc priest/divine providence (12)]
  4623 | D:5      | HP: 2/46 [orc (6)]
  4623 | D:5      | Slain by an orc

Vanquished Creatures
  A necrophage (D:4)
  A water moccasin skeleton (D:5)
  A hound (D:5)
  A jelly (D:5)
  3 iguanas
  A hound skeleton (D:5)
  5 adders
  2 adder skeletons (D:4)
  3 worms
  3 dart slugs
  4 orcs
  6 ball pythons
  8 bats
  4 endoplasms
  9 giant cockroaches
  10 goblins
  7 hobgoblins
  8 jackals
  3 quokkas
  4 frilled lizards
  3 kobolds
  4 rats
91 creatures vanquished.

Table legend:
 A = Non-vault XP
 B = Vault XP
 C = Vault XP percentage of total XP
 D = Non-vault monster count
 E = Vault monster count
 F = Vault count percentage of total count
                 A         B        C        D         E       F
            +---------+---------+-------+---------+---------+-------
      Total |     523 |     114 |  17.9 |      85 |       6 |   6.6
            +---------+---------+-------+---------+---------+-------
        D:1 |      37 |       6 |  14.0 |      19 |       4 |  17.4
        D:2 |      73 |       0 |   0.0 |      20 |       0 |   0.0
        D:3 |      34 |       0 |   0.0 |      18 |       0 |   0.0
        D:4 |     205 |       0 |   0.0 |      20 |       0 |   0.0
        D:5 |     174 |     108 |  38.3 |       8 |       2 |  20.0
            +---------+---------+-------+---------+---------+-------

Illustrated notes

Table legend:
 A = Kills in this place as a percentage of kills in entire the game.
 B = Kills by you in this place as a percentage of kills by you in the entire game.
 C = Kills by friends in this place as a percentage of kills by friends in the entire game.
 D = Other kills in this place as a percentage of other kills in the entire game.
 E = Experience gained in this place as a percentage of experience gained in the entire game.
 F = Experience gained in this place divided by the number of levels of this place that you have seen.
                   A       B       C       D       E      F
               +-------+-------+-------+-------+-------+----------------------
         Total | 100.0 | 100.0 |   N/A |   N/A | 100.0 | 127.4
       Dungeon | 100.0 | 100.0 |   N/A |   N/A | 100.0 | 127.4
               +-------+-------+-------+-------+-------+----------------------

Table legend: (Time is in decaauts)
 A = Elapsed time spent in this place.
 B = Non-inter-level travel time spent in this place.
 C = Inter-level travel time spent in this place.
 D = Time resting spent in this place.
 E = Time spent auto-exploring this place.
 F = Levels seen in this place.
 G = Mean time per level.
                   A        B        C        D        E       F      G
               +--------+--------+--------+--------+--------+-----+--------+
         Total |   5125 |   4873 |    252 |   1020 |   3109 |   5 | 1025.0 |
       Dungeon |   5125 |   4873 |    252 |   1020 |   3109 |   5 | 1025.0 |
               +--------+--------+--------+--------+--------+-----+--------+

Top non-repeatable levels by time:
     D:1: 1513 daAuts
     D:4: 1176 daAuts
     D:2: 911 daAuts
     D:3: 897 daAuts
     D:5: 625 daAuts
